 Dungeon Crawl Stone Soup version 0.24.0-13-gcf9b319 (webtiles) character file.

Game seed: 10401925818152964722, levelgen mode: deterministic

35 Fang the Skirmisher (level 3, -4/24 HPs)
             Began as a Gargoyle Berserker on Dec 2, 2019.
             Was a Believer of Trog.
             Slain by Sigmund
             ... wielding a +1 scythe of freezing
              (11 damage)
             ... on level 2 of the Dungeon.
             The game lasted 00:01:42 (1194 turns).

Fang the Skirmisher (Gargoyle Berserker)            Turns: 1194, Time: 00:01:43

Health: -4/24      AC:  5    Str: 21    XL:     3   Next: 33%
Magic:  3/3        EV: 12    Int:  7    God:    Trog [**....]
Gold:   66         SH:  0    Dex:  9    Spells: 2/2 levels left

rFire    . . .     SeeInvis .   a - +0 hand axe
rCold    . . .     Gourm    .   (no shield)
rNeg     + . .     Faith    .   b - +0 animal skin
rPois    ∞         Spirit   .   (no helmet)
rElec    +         Reflect  .   (no cloak)
rCorr    .         Harm     .   (no gloves)
MR       .....                  (no boots)
Stlth    +.........             (no amulet)
HPRegen  0.08/turn              (no ring)
MPRegen  0.08/turn              (no ring)

@: no status effects
A: negative energy resistance 1, electricity resistance, unbreathing,
petrification resistance, rot immunity, AC +3
a: Berserk, Trog's Hand, Renounce Religion


You were on level 2 of the Dungeon.
You worshipped Trog.
Trog was pleased with you.
You were not hungry.

You visited 1 branch of the dungeon, and saw 2 of its levels.

You collected 66 gold pieces.

Inventory:

Hand Weapons
 a - a +0 hand axe (weapon)
Armour
 b - a +0 animal skin (worn)
Scrolls
 e - a scroll of teleportation {unknown}
 f - a scroll of magic mapping {unknown}
 g - 4 scrolls of identify {unknown}
 i - a scroll of remove curse {unknown}
Potions
 h - a potion of mutation {unknown}
Comestibles
 c - 2 rations
 d - 5 chunks of flesh


   Skills:
 + Level 3.6 Fighting
 + Level 3.0 Axes
 + Level 2.7 Armour
 + Level 2.0 Dodging


You had 2 spell levels left.
You didn't know any spells.
Your spell library was empty.

Dungeon Overview and Level Annotations

Branches:
Dungeon (2/15)

Altars:

Annotations:
D:2 Sigmund


Innate Abilities, Weirdness & Mutations

You are resistant to torment.
Your stone body is resilient. (AC +3)
You are immune to poison.
You resist negative energy. (rN+)
You are resistant to electric shocks. (rElec)
You can survive without breathing.
You are immune to petrification.
You are immune to rotting.


Message History

You are too confused!
You're too confused!
You barely miss something.
You hear some strange, mumbled words.
Something tries to affect you, but you resist.
Something hits you but does no damage.
You hit the dart slug.
The dart slug is moderately wounded.
Something hits you. Something freezes you. The dart slug misses you.
Something hits you. Something freezes you.
You slash the dart slug!
You kill the dart slug!
Trog accepts your kill.
You feel less confused. Something hits you. Something freezes you.
* * * LOW HITPOINT WARNING * * *
Things that are here:
a +0 short sword; a dart slug corpse You hit something.
Something hits you!
You die...

...........#
#.###....
.........#.#
##.# ##
..(........#
#..# #
##.#####.##
##.##.# #<.#
### ##.....#
##.#
.#...##...####
#.#
.....>...?.##
#†#
............#
#.#
........@>..#
#..
........{...#
##.
...........##
.#
.#....#...##
.# ###.##....
.. #. ####..
.. #.. # ..


There were no monsters in sight!

Vanquished Creatures
  3 dart slugs
  2 leopard geckos (D:1)
  2 giant cockroaches (D:2)
  4 goblins
  A hobgoblin (D:1)
  4 kobolds
  A ball python (D:1)
  3 bats
  2 frilled lizards
  5 rats (D:1)
27 creatures vanquished.

Notes
Turn   | Place    | Note
-------+----------+-------------------------------------------
     0 | D:1      | Fang the Gargoyle Berserker began the quest for the Orb.
     0 | D:1      | Reached XP level 1. HP: 14/14 MP: 1/1
   489 | D:1      | Reached XP level 2. HP: 14/19 MP: 2/2
  1048 | D:1      | Reached XP level 3. HP: 20/23 MP: 3/3
  1141 | D:2      | Reached ** piety under Trog
  1181 | D:2      | Noticed Sigmund
  1194 | D:2      | Slain by Sigmund

Levels and vault maps discovered:
D:1:      tarquinn_simple_flora_water_b, layout_loops_ring
D:2:      layout_rooms, makhleb_heckhound_becter, minivault_4, uniq_sigmund

Skill      XL: |  1  2  3 |
---------------+----------+-----
Axes           | 3 |  3.0
Dodging        | 2 |  2.0
Fighting       | |  3.6
Armour         | |  2.7

Action                   || total
-------------------------++-------
Melee: Hand axe          ||    99
  Eat: Chunk             ||     1
Armor: Animal skin       ||    38
Dodge: Dodged            ||    63
